 Dungeon Crawl Stone Soup version 0.30-a0-782-ge64f9170bb (webtiles) character file.

Game seed: 4994674548325919546

130 Ijustatesigmund the Trooper (level 5, -2/33 HPs)
             Began as a Gargoyle Fighter on Feb 20, 2023.
             Slain by an iguana (7 damage)
             ... on level 3 of the Dungeon.
             The game lasted 00:03:17 (2659 turns).

Ijustatesigmund the Trooper (Gargoyle Fighter)      Turns: 2659, Time: 00:03:18

Health: -2/33      AC: 12    Str: 21    XL:     5   Next: 14%
Magic:  5/5        EV:  9    Int: 15    God:
Gold:   142        SH:  4    Dex:  9    Spells: 4/4 levels left

rFire   . . .      SeeInvis .    a - +0 flail
rCold   . . .      Faith    .    c - +0 buckler
rNeg    + . .      Spirit   .    b - +0 scale mail
rPois   ∞          Reflect  .    (no helmet)
rElec   +          Harm     .    o - +0 cloak
rCorr   .          Rampage  .    (no gloves)
Will    .....                    (no boots) Stlth
                                 (no amulet)
HPRegen 0.25/turn                e - +6 ring of intelligence
MPRegen 0.09/turn                (no ring)

@: no status effects
A: sickness immunity, AC +4, negative energy resistance 1, electricity
resistance, torment resistance 1, petrification resistance
a: no special abilities


You were on level 3 of the Dungeon.
You visited 1 branch of the dungeon, and saw 3 of its levels.

You collected 142 gold pieces.

Inventory:

Hand Weapons
 a - a +0 flail (weapon)
Missiles
 j - 8 poisoned darts (quivered)
Armour
 b - a +0 scale mail (worn)
 c - a +0 buckler (worn)
 o - a +0 cloak (worn)
Jewellery
 e - a +6 ring of intelligence (left hand)
Wands
 p - a wand of charming (12)
Scrolls
 g - a scroll of vulnerability {unknown}
 h - 2 scrolls of immolation
 i - 2 scrolls of identify
 k - a scroll of noise {unknown}
 l - a scroll of teleportation {unknown}
 m - a scroll of enchant weapon {unknown}
 n - a scroll of poison {unknown}
 q - a scroll of enchant armour {unknown}
Potions
 d - a potion of magic {unknown}
 f - 2 potions of flight
 s - a potion of resistance {unknown}


   Skills:
 + Level 4.2 Fighting
 * Level 3.8 Maces & Flails
 + Level 4.2 Armour
 - Level 3.2 Shields


You had 4 spell levels left.
You didn't know any spells.
Your spell library contained the following spells:

 Spells                   Type           Power      Damage    Failure   Level
 Sandblast                Erth           0%         2d4       67%         1
 Passwall                 Tmut/Erth      0%         N/A       82%         2
 Stone Arrow              Conj/Erth      0%         3d7       96%         3


Dungeon Overview and Level Annotations

Branches:
Dungeon (3/15)

Altars:
Dithmenos
Makhleb

Annotations:
D:3 3 runed translucent doors, Touch's ghost, weakling DsMo


Innate Abilities, Weirdness & Mutations

You are immune to sickness and miasma.
Your stone body is resilient. (AC +4)
You are immune to poison.
You resist negative energy. (rN+)
You are resistant to electric shocks. (rElec)
You are resistant to unholy torment.
You are immune to petrification.


Message History

The iguana bites you but does no damage.
You sock the iguana!
The iguana is almost dead.
The iguana bites you!
You hit the iguana but do no damage.
The iguana is almost dead.
The iguana barely misses you.
You closely miss the iguana.
The iguana is almost dead.
The iguana barely misses you.
You closely miss the iguana.
The iguana is almost dead.
The iguana barely misses you. x2
You completely miss the iguana.
The iguana is almost dead.
The iguana bites you.
You barely miss the iguana.
The iguana is almost dead.
The iguana bites you.
You barely miss the iguana.
The iguana is almost dead.
The iguana bites you but does no damage.
You barely miss the iguana.
The iguana is almost dead.
The iguana bites you. The iguana barely misses you.
You hit the iguana but do no damage.
The iguana is almost dead.
The iguana bites you but does no damage.
You hit the iguana but do no damage.
The iguana is almost dead.
The iguana bites you.
You closely miss the iguana.
The iguana is almost dead.
The iguana bites you but does no damage.
You closely miss the iguana.
The iguana is almost dead.
The iguana bites you!
* * * LOW HITPOINT WARNING * * *
The iguana bites you!
You die...

### #.# #.# #.#
#.# ### #.#
#<###### #.#
#......#####
#l#####......##.#.
#@...........'....
#......<.....##.#.
#.################
#.# #.# #.###
##### ♣♣ ###...#
#)..#♣♣ ♣♣.
#.....#
#...).♣♣♣♣)P
#>....#
#...#♣..♣.).


You could see an iguana.

Vanquished Creatures
  Crazy Yiuf (D:3)
  Robin (D:2)
  3 worms (D:2)
  A dart slug (D:1)
  An orc (D:3)
  8 ball pythons
  4 endoplasms
  3 giant cockroaches
  10 goblins
  9 hobgoblins
  7 kobolds
  4 quokkas
  7 bats
  3 frilled lizards
  6 rats
68 creatures vanquished.

Notes
Turn   | Place    | Note
-------+----------+-------------------------------------------
     0 | D:1      | Ijustatesigmund the Gargoyle Fighter began the quest for
                  | the Orb.
     0 | D:1      | Reached XP level 1. HP: 14/14 MP: 1/1
   132 | D:1      | Reached XP level 2. HP: 15/19 MP: 2/2
   190 | D:1      | Found a faded altar of an unknown god.
   595 | D:1      | Reached XP level 3. HP: 9/23 MP: 3/3
  1276 | D:2      | Noticed Robin
  1290 | D:2      | Killed Robin
  1291 | D:2      | Reached XP level 4. HP: 29/29 MP: 4/4
  2006 | D:3      | Found a shadowy altar of Dithmenos.
  2006 | D:3      | Found a burning altar of Makhleb.
  2008 | D:3      | Noticed a blizzard demon
  2202 | D:3      | Found a runed translucent door.
  2203 | D:3      | Noticed Crazy Yiuf
  2212 | D:3      | Killed Crazy Yiuf
  2213 | D:3      | Reached XP level 5. HP: 12/33 MP: 0/5
  2570 | D:3      | Found a runed translucent gate.
  2570 | D:3      | Noticed Touch's ghost (weakling DsMo)
  2571 | D:3      | Found a runed translucent gate.
  2572 | D:3      | Found a runed translucent gate.
  2659 | D:3      | Slain by an iguana

Illustrated notes

Levels and vault maps discovered:
D:1:      dpeg_arrival_three_same_balls, layout_basic,
          hellmonk_ecumenical_altar_blasted, minmay_crystal_water
D:2:      layout_basic, uniq_robin
D:3:      layout_basic, old_standard_altar, makhleb_altar_promises_db,
          biasface_ghost_orc_armoury, uniq_crazy_yiuf_cottage

Skill      XL: |  1  2  3  4 |
---------------+-------------+-----
Maces & Flails | 3 |  3.8
Armour         | 4 |  4.2
Fighting       | 4 |  4.2
Shields        | |  3.2

Action                     |  1- 3 |  4- 6 || total
---------------------------+-------+-------++-------
  Melee: Flail             |   101 |   116 ||   217
    Use: Scroll            |     2 |       ||     2
         Potion            |       |     2 ||     2
 Armour: Scale mail        |    72 |    65 ||   137
  Dodge: Dodged            |    50 |    58 ||   108
  Block: Buckler           |    19 |    21 ||    40

Table legend: (Time is in decaauts)
 A = Elapsed time spent in this place.
 B = Non-inter-level travel time spent in this place.
 C = Inter-level travel time spent in this place.
 D = Time resting spent in this place.
 E = Time spent auto-exploring this place.
 F = Levels seen in this place.
 G = Mean time per level.
                   A        B        C        D        E       F      G
               +--------+--------+--------+--------+--------+-----+--------+
         Total |   2723 |   2690 |     33 |    133 |   2038 |   3 |  907.7 |
       Dungeon |   2723 |   2690 |     33 |    133 |   2038 |   3 |  907.7 |
               +--------+--------+--------+--------+--------+-----+--------+

Top non-repeatable levels by time:
     D:1: 1070 daAuts
     D:2: 832 daAuts
     D:3: 820 daAuts
